 Dungeon Crawl Stone Soup version 0.29-a0-648-g6b26cc9f40 (webtiles) character file.

Game seed: 6886684545511208605

189 xian the Skirmisher (level 5, -5/46 HPs)
             Began as a Draconian Fighter on June 20, 2022.
             Slain by a gnoll
             ... wielding a +0 spear
             ... led by a gnoll sergeant
              (6 damage)
             ... on level 3 of the Dungeon.
             The game lasted 00:06:51 (3204 turns).

xian the Skirmisher (Draconian Fighter)             Turns: 3204, Time: 00:06:52

Health: -5/46      AC:  5    Str: 20    XL:     5   Next: 40%
Magic:  5/5        EV: 12    Int:  9    God:
Gold:   155        SH:  5    Dex: 10    Spells: 4/4 levels left

rFire   . . .      SeeInvis .   a - +1 long sword (freeze)
rCold   . . .      Faith    .   b - +1 buckler
rNeg    . . .      Spirit   .   (body armour unavailable)
rPois   .          Reflect  .   (helmet restricted)
rElec   .          Harm     .   (no cloak)
rCorr   .          Rampage  .   (no gloves)
Will    .....                   (no boots)
Stlth   +.........              (no amulet)
HPRegen 0.15/turn               (no ring)
MPRegen 0.09/turn               (no ring)

@: no status effects
A: AC +5, unfitting armour, cold-blooded
a: no special abilities


You were on level 3 of the Dungeon.
You visited 1 branch of the dungeon, and saw 4 of its levels.

You collected 155 gold pieces.

Inventory:

Hand Weapons
 a - a +1 long sword of freezing (weapon)
Missiles
 d - 6 poisoned darts (quivered)
Armour
 b - a +1 buckler (worn)
Jewellery
 i - a ring of willpower
 j - a ring of willpower
Wands
 k - a wand of iceblast (9)
Scrolls
 e - a scroll of teleportation
 l - a scroll of enchant weapon
Potions
 c - a potion of heal wounds {unknown}
 f - 3 potions of mutation {unknown}
 g - a potion of curing
 h - a potion of invisibility


   Skills:
 + Level 4.1 Fighting
 + Level 3.6 Long Blades
 + Level 3.5 Dodging
 + Level 0.5 Stealth
 + Level 3.9 Shields


You had 4 spell levels left.
You didn't know any spells.
Your spell library was empty.

Dungeon Overview and Level Annotations

Branches:
Dungeon (4/15)
 Temple: D:4-7

Altars:


Innate Abilities, Weirdness & Mutations

Your plain brown scales are hard. (AC +5)
You cannot fit into any form of body armour.
You are cold-blooded and may be slowed by cold attacks.


Message History

The dart slug is almost dead.
The dart slug bites you but does no damage.
You slash the dart slug! You freeze the dart slug.
You kill the dart slug!
You see here a dart slug corpse.
Found a stone staircase leading down.
There is a stone staircase leading down here.
You now have 155 gold pieces (gained 6).
A gnoll sergeant and 2 gnolls come into view.
The gnoll sergeant shouts!
The gnoll shouts!
You hear a shout!
A gnoll comes into view. It is wielding a +0 club.
The gnoll shouts!
You block the gnoll sergeant's attack.
The gnoll sergeant hits you with a +0 trident!
The gnoll completely misses you.
You hit the gnoll sergeant but do no damage.
The gnoll sergeant hits you with a +0 trident.
The gnoll hits you from afar with a +0 spear.
You barely miss the gnoll sergeant.
Your tail-slap misses the gnoll sergeant.
The gnoll sergeant barely misses you.
The gnoll hits you from afar with a +0 spear. x2
You block the gnoll sergeant's attack.
You slash the gnoll sergeant! You freeze the gnoll sergeant.
The gnoll sergeant is moderately wounded.
The gnoll sergeant hits you with a +0 trident!
* * * LOW HITPOINT WARNING * * *
The gnoll hits you from afar with a +0 spear.
* * * LOW HITPOINT WARNING * * *
You hit the gnoll sergeant. You freeze the gnoll sergeant.
The gnoll sergeant is moderately wounded.
The gnoll sergeant hits you with a +0 trident.
* * * LOW HITPOINT WARNING * * *
The gnoll hits you from afar with a +0 spear.
* * * LOW HITPOINT WARNING * * *
You hit the gnoll sergeant. You freeze the gnoll sergeant.
The gnoll sergeant is heavily wounded.
You block the gnoll sergeant's attack.
The gnoll hits you from afar with a +0 spear.
You die...

##.#.#....#.#..##...#..#.
#...#.#.#.#..##.###....
###.##.#.#.#..##.# #..#.
#................. .....
#.###..#####...... ...##
... #..# #####.. ...#
##.###.## ######.##
#.....#####....
###....@gggg# ###########


You could see a gnoll sergeant and 3 gnolls.

Vanquished Creatures
  An iguana (D:3)
  Jessica (D:3)
  Terence (D:4)
  Natasha (D:3)
  2 adders (D:3)
  2 worms (D:3)
  3 dart slugs
  An orc (D:3)
  7 ball pythons
  3 bats
  6 endoplasms
  A giant cockroach (D:1)
  12 goblins
  4 hobgoblins
  2 jackals (D:2)
  A quokka (D:1)
  2 frilled lizards
  A kobold (D:3)
  4 rats
55 creatures vanquished.

Notes
Turn   | Place    | Note
-------+----------+-------------------------------------------
     0 | D:1      | xian the Draconian Fighter began the quest for the Orb.
     0 | D:1      | Reached XP level 1. HP: 19/19 MP: 1/1
   419 | D:1      | Reached XP level 2. HP: 26/26 MP: 2/2
   929 | D:1      | Found a faded altar of an unknown god.
  1544 | D:2      | Reached XP level 3. HP: 32/33 MP: 3/3
  2366 | D:3      | Reached XP level 4. HP: 14/40 MP: 4/4
  2702 | D:3      | Noticed Jessica
  2716 | D:3      | Killed Jessica
  2717 | D:3      | Reached skill level 4 in Fighting
  2847 | D:3      | Noticed Natasha
  2850 | D:3      | Noticed Terence
  2872 | D:4      | Killed Terence
  2873 | D:4      | Reached XP level 5. HP: 11/46 MP: 5/5
  2877 | D:3      | Killed Natasha
  3203 | D:3      | HP: 1/46 [gnoll/+0 spear[a gnoll sergeant] (2)]
  3204 | D:3      | Slain by a gnoll

Illustrated notes

Levels and vault maps discovered:
D:1:      dpeg_arrival_leaves_temple_mockup, layout_loops_ring,
          hellmonk_ecumenical_altar_inner_sanctum, minmay_misc_feat_iff,
          chequers_avenue
D:2:      layout_loops_ring, kennysheep_cluttered_room,
          minmay_fractal_squares_gapless_5
D:3:      layout_loops_ring, minmay_goblin_kobold_house, uniq_natasha,
          uniq_jessica, uniq_terence
D:4:      layout_rooms, kennysheep_orc_sif_temple, mainiacjoe_overflow_paths,
          serial_shops, shop_statue, nicolae_lakefront_shop,
          nicolae_diamond_shop, nicolae_diamond_shop, grunt_ministairs_5,
          uniq_grinder, uniq_blork_the_orc, uniq_ijyb, uniq_menkaure

Skill      XL: |  1  2  3  4 |
---------------+-------------+-----
Dodging        | 3 |  3.5
Fighting       | 4 |  4.1
Long Blades    | 3 |  3.6
Stealth        | |  0.5
Shields        | |  3.9

Action                   |  1- 3 |  4- 6 || total
-------------------------+-------+-------++-------
Melee: Long sword        |   107 |    46 ||   153
       Tailslap          |     6 |     9 ||    15
  Use: Scroll            |    11 |       ||    11
       Potion            |       |     1 ||     1
 Stab: Sleeping          |     1 |       ||     1
Armor: Skin              |    34 |    19 ||    53
Dodge: Dodged            |    60 |    40 ||   100
Block: Buckler           |    22 |    18 ||    40

Table legend: (Time is in decaauts)
 A = Elapsed time spent in this place.
 B = Non-inter-level travel time spent in this place.
 C = Inter-level travel time spent in this place.
 D = Time resting spent in this place.
 E = Time spent auto-exploring this place.
 F = Levels seen in this place.
 G = Mean time per level.
                   A        B        C        D        E       F      G
               +--------+--------+--------+--------+--------+-----+--------+
         Total |   3262 |   3206 |     56 |      0 |   2619 |   4 |  815.5 |
       Dungeon |   3262 |   3206 |     56 |      0 |   2619 |   4 |  815.5 |
               +--------+--------+--------+--------+--------+-----+--------+

Top non-repeatable levels by time:
     D:1: 1334 daAuts
     D:2: 990 daAuts
     D:3: 933 daAuts
     D:4: 4 daAuts
